Map: Lerilak Crest

Players

Zebra

  • Race: Zerg Zerg
  • League: Grandmaster

Javert - Winner!

  • Race: Zerg Zerg
  • League: Grandmaster

VOD

Have the link to the VOD?

Description

Time

  • Played on: June 26, 2015, 10:13 p.m.
  • Length: 10:24
Show
View Real Time Build Order
Export as new Build Order

Zebra Zerg 

Build Orders: Pool First 

Get SALT Encoding   

  12  0:18  Spawning Pool  
  11  0:22  Drone  
  12  0:30  Overlord  
  12  0:35  Drone  
  13  0:40  Drone  
  14  0:49  Drone  
  15  1:05  Zergling x4  
  15  1:07  Queen  
  19  1:15  Zergling x2  
  20  1:36  Zergling x2  
  21  1:48  Spine Crawler  
  21  1:51  Zergling x4  
  22  2:20  Overlord  
  21  2:34  Drone  
  21  2:35  Overlord  
  21  2:44  Drone  
  21  2:48  Drone  
  22  2:59  Drone  
  22  3:03  Extractor  
  22  3:11  Zergling x2  
  23  3:19  Drone  
  24  3:20  Hatchery, Extractor  
  22  3:30  Drone  
  22  3:32  Drone  
  22  3:33  Zergling x2  
  22  3:34  Drone, Zergling x2  
  26  3:43  Zergling x2  
  25  4:01  Zergling x6  
  28  4:02  Drone  
  28  4:04  Zergling x2  
  29  4:10  Metabolic Boost  
  29  4:15  Roach Warren, Zergling x2  
  29  4:18  Zergling x2  
  30  4:26  Baneling Nest  
  30  4:32  Zergling x2  
  30  4:33  Drone  
  30  4:35  Queen  
  34  4:43  Drone  
  34  4:44  Drone x4  
  34  4:45  Evolution Chamber, Drone  
  36  4:54  Drone x2  
  37  5:04  Drone x2  
  39  5:12  Zerg Melee Weapons Level 1  
  37  5:15  Overlord  
  37  5:17  Zergling x8  
  37  5:19  Zergling x2  
  42  5:26  Zergling x2  
  43  5:29  Overlord  
  43  5:33  Queen  
  45  5:42  Baneling x4  
  39  5:43  Baneling  
  39  5:47  Evolution Chamber  
  39  5:48  Zergling x4  
  39  5:49  Zergling x4  
  42  5:50  Zergling x4  
  41  6:04  Zergling x8  
  41  6:05  Baneling x2  
  40  6:36  Drone x3  
  40  6:37  Drone x5  
  40  6:39  Zerg Ground Armor Level 1, Extractor  
  46  6:47  Drone  
  44  7:12  Zergling x4  
  44  7:13  Zergling x4  
  48  7:21  Zergling x2  
  48  7:22  Zergling x8  
  53  7:23  Drone x3, Overlord  
  53  7:27  Spine Crawler  
  54  7:33  Zergling x2  
  49  7:45  Zergling x6  
  49  7:48  Hatchery  
  51  7:55  Drone  
  51  7:57  Drone  
  53  8:00  Drone  
  53  8:01  Drone x2  
  53  8:02  Hatchery  
  53  8:05  Extractor  
  54  8:08  Queen  
  54  8:09  Drone x3  
  59  8:23  Baneling x2  
  59  8:24  Baneling x4  
  58  8:30  Drone  
  58  8:31  Drone x7  
  66  8:36  Roach Warren  
  56  8:57  Zergling x8  
  56  9:02  Zergling x4  
  62  9:05  Zergling x2  
  62  9:06  Zergling x8  
  67  9:11  Lair  
  67  9:12  Zergling x4  
  67  9:15  Zergling x2  
  68  9:31  Zergling x2  
  68  9:32  Zergling x2  
  67  9:38  Zergling x6  
  67  9:39  Zergling x12  
  67  9:41  Zergling x4  
  67  9:42  Zergling x2  
  72  9:46  Zergling x4  
  72  9:47  Zergling x4  
  72  9:51  Zergling x2  
  73  9:54  Zergling x4  
  73  10:01  Zergling x4  
  73  10:05  Zergling x4  
Show
View Real Time Build Order
Export as new Build Order

Javert Zerg - Winner!

Build Orders: Hatch First 

Get SALT Encoding   

  12  0:01  Drone  
  13  0:15  Overlord  
  13  0:18  Drone  
  14  0:33  Drone x2  
  16  0:52  Drone  
  16  0:54  Hatchery  
  16  0:55  Extractor  
  15  0:59  Drone  
  15  1:02  Drone  
  17  1:16  Spawning Pool  
  16  1:19  Drone  
  16  1:22  Drone  
  18  1:31  Drone  
  19  1:45  Overlord  
  19  2:01  Drone  
  20  2:02  Queen  
  20  2:06  Zergling x2  
  23  2:09  Queen  
  23  2:13  Metabolic Boost  
  20  3:07  Zergling x8  
  24  3:25  Baneling Nest  
  23  3:29  Drone x2  
  23  3:32  Drone  
  26  3:47  Drone x4  
  30  3:52  Drone  
  29  4:03  Zergling x8  
  33  4:12  Zergling x4  
  34  4:23  Baneling x2  
  34  4:25  Zergling x4  
  34  4:27  Overlord  
  36  4:32  Overlord x2  
  32  5:02  Zergling x2  
  32  5:03  Zergling x24  
  40  5:17  Drone x3  
  43  5:26  Drone x2  
  45  5:30  Baneling  
  45  5:31  Baneling x4  
  44  5:49  Drone x5  
  50  5:50  Drone x3  
  50  5:52  Lair  
  50  5:53  Extractor  
  41  6:07  Drone x3  
  41  6:08  Drone  
  45  6:19  Zergling x4  
  46  6:29  Hatchery  
  46  6:32  Zergling x16  
  52  6:42  Extractor  
  52  6:43  Overlord x2, Extractor  
  50  7:08  Drone x4  
  54  7:21  Drone x2  
  54  7:22  Drone x5  
  61  7:27  Roach Warren  
  58  7:33  Drone  
  58  7:34  Drone x4  
  63  7:43  Queen  
  59  7:51  Spire  
  58  7:54  Zergling x2  
  58  7:55  Zergling x20  
  69  8:07  Evolution Chamber  
  69  8:08  Evolution Chamber  
  69  8:10  Roach Warren  
  69  8:12  Roach x3  
  79  8:13  Roach x3  
  79  8:14  Glial Reconstitution  
  79  8:16  Roach  
  81  8:23  Baneling x2  
  81  8:24  Baneling x7  
  81  8:27  Overlord x2  
  81  8:28  Spine Crawler  
  72  8:52  Roach x12  
  92  9:02  Baneling x2  
  92  9:11  Drone x5  
  97  9:18  Extractor  
  97  9:23  Extractor  
  90  9:45  Roach x7  
  98  9:49  Drone x2  
  98  9:52  Overlord x2  
Tags
 
Add a new tag
Caveats
  • Supply blocks, unpowered buildings, or Contaminate may cause inaccurate times.
  • Supply counts are checked every 10 seconds.